 Dungeon Crawl Stone Soup version 0.29.1-15-g9cfb28693d (webtiles) character file.

Game seed: 9533799500111044774

348 leafyfresh the Covert (level 6, -27/44 HPs)
             Began as an Octopode Delver on Mar 4, 2023.
             Annihilated by an ogre
             ... wielding a +0 giant club
              (34 damage)
             ... on level 5 of the Dungeon.
             The game lasted 00:05:34 (5319 turns).

leafyfresh the Covert (Octopode Delver)             Turns: 5319, Time: 00:05:35

Health: -27/44     AC:  1    Str: 11    XL:     6   Next: 60%
Magic:  6/6        EV: 15    Int: 12    God:
Gold:   175        SH:  0    Dex: 16    Spells: 5/5 levels left

rFire   . . .      SeeInvis .   c - +3 spear
rCold   . . .      Faith    .   (no shield)
rNeg    . . .      Spirit   .   (helmet restricted)
rPois   .          Reflect  .   (no amulet)
rElec   .          Harm     .   (no ring)
rCorr   .          Rampage  .   (no ring)
Will    .....                   (no ring)
Stlth   +++++.....              (no ring)
HPRegen 0.14/turn               (no ring)
MPRegen 0.10/turn               (no ring)
                                (no ring)
                                (no ring)

@: no status effects
A: almost no armour, amphibious, 8 rings, camouflage 1, gelatinous body 1,
(nimble swimmer 1), tentacles
a: no special abilities


You were on level 5 of the Dungeon.
You visited 2 branches of the dungeon, and saw 6 of its levels.
You also visited: Sewer.

You collected 175 gold pieces.

Inventory:

Hand Weapons
 a - a +0 short sword
 c - a +3 spear (weapon)
Armour
 d - an orb of wrath
Wands
 f - a wand of digging (3)
Scrolls
 b - a scroll of fog
 g - 5 scrolls of immolation {unknown}
 h - 2 scrolls of teleportation {unknown}
 k - 2 scrolls of enchant weapon {unknown}
 m - 6 scrolls of identify {unknown}
 p - a scroll of amnesia {unknown}
 q - a scroll of torment {unknown}
 r - 2 scrolls of poison {unknown}
 s - a scroll of silence {unknown}
 u - a scroll of blinking {unknown}
 v - a scroll of enchant armour {unknown}
 x - a scroll of butterflies {unknown}
 y - 2 scrolls of brand weapon {unknown}
 A - a scroll of magic mapping
Potions
 e - 2 potions of haste
 i - 3 potions of might {unknown}
 j - 2 potions of lignification {unknown}
 l - a potion of attraction {unknown}
 n - 2 potions of mutation {unknown}
 o - a potion of flight {unknown}
 t - 2 potions of curing {unknown}
 w - a potion of heal wounds
 z - a potion of berserk rage {unknown}


   Skills:
 + Level 4.7 Fighting
 - Level 2.0 Short Blades
 + Level 4.2 Dodging
 + Level 8.5 Stealth


You had 5 spell levels left.
You didn't know any spells.
Your spell library contained the following spells:

 Spells                   Type           Power      Damage    Failure   Level
 Gell's Gravitas          Tloc           0%         N/A       69%         3
 Lesser Beckoning         Tloc           0%         N/A       69%         3
 Teleport Other           Tloc           0%         N/A       69%         3
 Dispersal                Tloc           0%         N/A       100%        6


Dungeon Overview and Level Annotations

Branches:
Dungeon (5/15)             Temple (1/1) D:5           Sewer (visited)

Altars:
Cheibriados
Elyvilon
Gozag
Hepliaklqana
Kikubaaqudgha
Makhleb
Okawaru
Trog
Uskayaw
Vehumet
Wu Jian
Yredelemnul
Zin
The Shining One

Annotations:
D:5 Eustachio


Innate Abilities, Weirdness & Mutations

You cannot wear most types of armour.
You are amphibious.
You can wear up to eight rings at the same time.
Your skin changes colour to match your surroundings (Stealth+).
Your rubbery body absorbs attacks. (AC +1, EV +1)
((You are camouflaged when in or above water. (Stealth+)))
You have tentacles for arms and can constrict up to eight enemies at once.


Message History

There is a stone staircase leading up here.
You now have 175 gold pieces (gained 1).
Found a dagger.
No target in view!
Found 5 stones.
Found an escape hatch in the ceiling.
No target in view!
An ogre comes into view. It is wielding a +0 giant club.
An ogre is nearby!
An ogre is nearby!
An ogre is nearby!
The ogre shouts!
You hit the ogre but do no damage. The ogre hits you with a +0 giant club.
You barely miss the ogre. The ogre barely misses you.
You hit the ogre.
The ogre is lightly wounded.
You hit the ogre.
The ogre is lightly wounded.
The ogre barely misses you.
You hit the ogre. Your squeeze misses the ogre.
The ogre is moderately wounded.
The ogre hits you with a +0 giant club!
You puncture the ogre! You squeeze the ogre!
The ogre is almost dead.
The ogre hits you with a +0 giant club!
* * * LOW HITPOINT WARNING * * *
You are too injured to fight recklessly!
You are too injured to fight recklessly!
You are too injured to fight recklessly!
You are too injured to fight recklessly!
Unknown command.
You hit the ogre. Your squeeze misses the ogre.
The ogre is almost dead.
You barely miss the ogre.
The ogre is almost dead.
The ogre closely misses you.
You hit the ogre. Your squeeze misses the ogre.
The ogre is almost dead.
The ogre hits you with a +0 giant club!!
Ouch! That really hurt!
You die...

*,,* #.* #..# #.## *,,** #.*
#..# #..# *,,,** #.#*#..#
#..# *,,,,**
#<.##..#######..# ***,,,**
#.........#.)...# # **,,,*
#(............<## # **,,*
##).............## # *,,*
##..##....####..### *,,*
#@####..## ##.... * *,** #O#
##.## ##... ** **,* #.#
#..## #... ,******,,* #.#
###.## ##.. ,,,^**,,,** #.#*
##.## #... ***,,,,,,,***
*#..** ##.###..#
**,,,,,,,,***...,** #.....##
**,,,,,,,,,,...,,* ##...##
**,,,,**,,,,,,,,*****#....#*


You could see an ogre.

Vanquished Creatures
  4 hounds
  An orc priest (D:4)
  An iguana (D:5)
  An orc wizard (D:4)
  6 adders
  5 worms
  A dart slug (D:2)
  3 orcs (D:4)
  3 bats
  4 endoplasms
  5 giant cockroaches
  5 goblins
  8 hobgoblins
  6 jackals
  4 kobolds (D:4)
  4 quokkas
  10 ball pythons
  5 frilled lizards
  4 rats
80 creatures vanquished.

Notes
Turn   | Place    | Note
-------+----------+-------------------------------------------
     0 | D:5      | leafyfresh the Octopode Delver began the quest for the Orb.
     0 | D:5      | Reached XP level 1. HP: 16/16 MP: 1/1
    10 | D:5      | Noticed a hound
    17 | D:5      | Killed a hound
    18 | D:5      | Reached skill level 7 in Stealth
    18 | D:5      | Reached XP level 2. HP: 21/21 MP: 2/2
    18 | D:5      | Reached XP level 3. HP: 26/26 MP: 3/3
    27 | D:5      | Found a staircase to the Ecumenical Temple.
    36 | Temple   | Entered the Ecumenical Temple
   336 | D:5      | Found a glowing drain.
   352 | Sewer    | Entered a sewer
   896 | Sewer    | Reached XP level 4. HP: 32/32 MP: 4/4
  1440 | D:5      | Reached XP level 5. HP: 37/37 MP: 5/5
  1527 | D:5      | Noticed Eustachio
  2046 | D:4      | Reached skill level 8 in Stealth
  2125 | D:4      | Reached XP level 6. HP: 27/44 MP: 6/6
  3282 | D:3      | Found a basalt altar of Yredelemnul.
  3386 | D:3      | Found an ornate altar of the Wu Jian Council.
  3812 | D:2      | Found a faded altar of an unknown god.
  5319 | D:5      | Annihilated by an ogre

Illustrated notes

Levels and vault maps discovered:
D:1:      dpeg_arrival_round_c, layout_basic, minmay_pentomino_o2
D:2:      layout_basic, nicolae_ecumenical_pavilion
D:3:      layout_basic, nicolae_overflow_crystal_walls,
          mainiacjoe_overflow_alcove_2
D:4:      layout_cave_pools
D:5:      layout_layer_cave, minmay_temple_entry_waves, portal_sewer_entry_e,
          uniq_eustachio
Temple:   hellmonk_temple_forest_ring

Skill      XL: |  1  2  3  4  5  6 |
---------------+-------------------+-----
Stealth        | 7 8 |  8.5
Dodging        | 3 4 |  4.2
Fighting       | 4 |  4.7
Short Blades   | |  2.0

Action                   |  1- 3 |  4- 6 || total
-------------------------+-------+-------++-------
Melee: Short sword       |     1 |       ||     1
       Spear             |    33 |   146 ||   179
       Constrict         |     7 |    24 ||    31
       Tentacles         |     4 |    18 ||    22
       Punch             |       |     2 ||     2
  Use: Scroll            |     1 |     1 ||     2
       Potion            |       |     1 ||     1
 Stab: Sleeping          |     7 |    40 ||    47
Armor: Skin              |     2 |     1 ||     3
Dodge: Dodged            |    21 |    53 ||    74
